 Dungeon Crawl Stone Soup version 0.30-a0-879-ga8ba668304 (webtiles) character file.

Game seed: 9199464417496294449

62 AlGokalmin the Conjurer (level 4, 0/30 HPs)
             Began as a Human Conjurer on Mar 13, 2023.
             Splashed by a jelly's acid (7 damage)
             ... on level 2 of the Dungeon.
             The game lasted 00:06:34 (3576 turns).

AlGokalmin the Conjurer (Human Conjurer)            Turns: 3576, Time: 00:06:34

Health: 0/30       AC: -14   Str:  7    XL:     4   Next: 28%
Magic:  0/7        EV: 12    Int: 20    God:
Gold:   33         SH:  0    Dex: 12    Spells: 7/8 levels left

rFire   . . .      SeeInvis .    (no weapon)
rCold   . . .      Faith    .    (no shield)
rNeg    . . .      Spirit   .    a - +0 robe
rPois   .          Reflect  .    (no helmet)
rElec   .          Rampage  .    (no cloak)
rCorr   .                        (no gloves)
Will    .....                    (no boots)
Stlth   ++                       (no amulet)
HPRegen 0.25/turn                (no ring)
MPRegen 0.10/turn                (no ring)

@: corroded
A: no striking features
a: no special abilities


You were on level 2 of the Dungeon.
You visited 1 branch of the dungeon, and saw 2 of its levels.

You collected 33 gold pieces.

Inventory:

Armour
 a - a +0 robe (worn)
Wands
 j - a wand of charming (12)
Scrolls
 g - a scroll of identify
 h - a scroll of immolation {unknown}
 i - a scroll of magic mapping {unknown}
 k - a scroll of fog {unknown}
Potions
 d - a potion of brilliance
 e - a potion of degeneration {unknown}
 f - a potion of flight {unknown}


   Skills:
 + Level 2.0 Dodging
 + Level 2.3 Stealth
 + Level 0.2 Unarmed Combat
 + Level 2.5 Spellcasting
 + Level 5.0 Conjurations


You had 7 spell levels left.
You knew the following spells:

 Your Spells              Type           Power      Damage    Failure   Level
a - Magic Dart            Conj           88%        1d7       1%          1

Your spell library contained the following spells:

 Spells                   Type           Power      Damage    Failure   Level
 Searing Ray              Conj           44%        2d6       2%          2
 Dazzling Flash           Conj/Hex       24%        N/A       16%         3
 Sublimation of Blood     Necr           2%         N/A       22%         2
 Wereblood                Tmut           2%         N/A       22%         2
 Ignite Poison            Fire/Tmut/Pois 2%         N/A       41%         3
 Kindle Blastsparks       Fire/Tloc/Air  4%         2d10      41%         3
 Fulminant Prism          Conj/Hex       6%         3d6       47%         4
 Iskenderun's Mystic Bla  Conj/Tloc      12%        2d5       47%         4
 Freezing Cloud           Conj/Ice/Air   4%         6-21      91%         5
 Summon Hydra             Summ           1%         N/A       100%        7


Dungeon Overview and Level Annotations

Branches:
Dungeon (2/15)

Altars:


Message History

The jelly is moderately wounded.
The jelly closely misses you.
Aiming: Charm
Press: ? - help, Shift-Dir - straight line, f - jelly
Aim: a jelly (moderately wounded, chance to affect: 57%)
Okay, then.
Attack: -) Nothing wielded
Press: ? - help, Dir - move target, f - jelly
Aim: a jelly (moderately wounded, about 11% to evade your hands)
You hit the jelly but do no damage. The acid corrodes you!
Your hands burn!
The jelly is moderately wounded.
The jelly misses you.
You hit the jelly but do no damage.
Your hands burn!
* * * LOW HITPOINT WARNING * * *
The jelly is moderately wounded.
The jelly closely misses you.
Casting: Magic Dart (safe; 1% risk of failure)
Confirm with . or Enter, or press ? or * to list all spells.
Aiming: Magic Dart (safe; 1% risk of failure)
Press: ? - help, Shift-Dir - straight line, f/p - jelly
Aim: a jelly (moderately wounded, 100% to hit)
The magic dart hits the jelly.
The jelly is moderately wounded.
The jelly barely misses you.
Okay, then.
As you read the scroll labelled XAOMOSU BEDA, it crumbles to dust.
It is a scroll of identify.
c - a potion of curing The jelly closely misses you.
You feel better. The jelly hits you. The acid corrodes you!
You are splashed with acid!
* * * LOW HITPOINT WARNING * * *
Unknown command.
As you read the scroll of identify, it crumbles to dust.
d - a potion of brilliance The jelly hits you.
* * * LOW HITPOINT WARNING * * *
The acid corrodes you!
You are splashed with acid!
You die... #.# #†.......# ###.# ÷.########### ##...# ..# ######..### .÷# #......## ..# ..###### ..# ### JJ#

#######J#
##...@JJ#
#.########
#
##..'....#
##
####....#
###.
#.......#
#...
#.......#
###.##
#..)....#
###...#
#.).....#
#...###
##..)..##
#.###


You could see a jelly and 2 endoplasms.

Vanquished Creatures
  An adder (D:2)
  5 ball pythons
  2 bats
  14 endoplasms
  2 giant cockroaches
  2 goblins
  3 hobgoblins
  3 quokkas
  6 frilled lizards
  7 kobolds
  5 rats
50 creatures vanquished.

Vanquished Creatures (others)
  6 fungi (D:2)
  8 toadstools (D:2)
14 creatures vanquished.

Grand Total: 64 creatures vanquished

Notes
Turn   | Place    | Note
-------+----------+-------------------------------------------
     0 | D:1      | AlGokalmin the Human Conjurer began the quest for the Orb.
     0 | D:1      | Reached XP level 1. HP: 13/13 MP: 3/3
   273 | D:1      | Reached XP level 2. HP: 11/19 MP: 1/5
  1540 | D:1      | Reached XP level 3. HP: 24/24 MP: 3/6
  2026 | D:1      | Found a faded altar of an unknown god.
  3155 | D:2      | Reached XP level 4. HP: 30/30 MP: 4/7
  3533 | D:2      | Reached skill level 5 in Conjurations
  3576 | D:2      | Splashed by a jelly's acid

Illustrated notes

Levels and vault maps discovered:
D:1:      amcnicky_arrival_abandoned_market, layout_rooms,
          shapermc_ecumenical_altar_ellora
D:2:      cheibrodos_fertilizer, layout_basic, serial_shops,
          nicolae_shop_hallway_plus, nicolae_shop_statue_plus

Skill      XL: |  1  2  3  4 |
---------------+-------------+-----
Conjurations   | 5 |  5.0
Dodging        | |  2.0
Stealth        | |  2.3
Unarmed Combat | |  0.2
Spellcasting   | |  2.5

Action                     |  1- 3 |  4- 6 || total
---------------------------+-------+-------++-------
  Melee: Unarmed           |    16 |     9 ||    25
   Cast: Magic Dart        |    73 |    26 ||    99
    Use: Scroll            |     1 |     2 ||     3
         Potion            |       |     2 ||     2
 Armour: Robe              |     4 |     5 ||     9
  Dodge: Dodged            |    11 |    11 ||    22

Table legend: (Time is in decaauts)
 A = Elapsed time spent in this place.
 B = Non-inter-level travel time spent in this place.
 C = Inter-level travel time spent in this place.
 D = Time resting spent in this place.
 E = Time spent auto-exploring this place.
 F = Levels seen in this place.
 G = Mean time per level.
                   A        B        C        D        E       F      G
               +--------+--------+--------+--------+--------+-----+--------+
         Total |   3575 |   3492 |     83 |   2374 |    906 |   2 | 1787.5 |
       Dungeon |   3575 |   3492 |     83 |   2374 |    906 |   2 | 1787.5 |
               +--------+--------+--------+--------+--------+-----+--------+

Top non-repeatable levels by time:
     D:1: 2359 daAuts
     D:2: 1216 daAuts
